 Dungeon Sprint DCSS version 0.27.1-1-g398f81649c (webtiles) character file.

Game seed: 14090420145556162979

137 ugugthedestroyer the Skirmisher (level 4, -1/44 HPs)
             Began as a Demigod Fighter on Sept 7, 2021.
             Slain by a neqoxec (8 damage)
             ... in the Dungeon (Sprint II: "The Violet Keep of Menkaure").
             The game lasted 00:00:21 (22 turns).

ugugthedestroyer the Skirmisher (Demigod Fighter)     Turns: 22, Time: 00:00:21

Health: -1/44      AC:  7    Str: 19    XL:     4   Next: 68%
Magic:  6/6        EV:  7    Int:  6    God:
Gold:   0          SH: 10    Dex: 13    Spells: 3/3 levels left

rFire    . . .     SeeInvis .   a - +0 long sword
rCold    . . .     Faith    .   c - +0 kite shield
rNeg     . . .     Spirit   .   b - +0 scale mail
rPois    .         Reflect  .   (no helmet)
rElec    .         Harm     .   (no cloak)
rCorr    .         Rampage  .   (no gloves)
Will     .....     NoTele   +   (no boots)
Stlth    ..........             (no amulet)
HPRegen  0.14/turn              (no ring)
MPRegen  0.10/turn              (no ring)

@: on berserk cooldown, slowed, very slow
A: high mp 1, forlorn, dopey 2, weak 1
a: no special abilities


You were in the Dungeon.
You visited 1 branch

Inventory:

Hand Weapons
 a - a +0 long sword (weapon)
Armour
 b - a +0 scale mail (worn)
 c - a +0 kite shield (worn)
Scrolls
 j - a scroll of blinking
Potions
 d - a potion of might
 e - a potion of curing
 g - a potion of haste
 h - 2 potions of magic


   Skills:
 + Level 5.8 Fighting
 + Level 3.3 Long Blades
 + Level 5.7 Armour
 + Level 5.3 Shields


You had 3 spell levels left.
You didn't know any spells.
Your spell library was empty.

Dungeon Overview and Level Annotations

Branches:
Dungeon (1/1)


Innate Abilities, Weirdness & Mutations

Your attributes grow dramatically as you level up.
You have an increased reservoir of magic. (+10% MP)
You shall have no god before yourself.
You are very dopey. (Int -4)
You are weak. (Str -2)


Message History

You are exhausted.
You feel yourself slow down.
The neqoxec hits you but does no damage.
You closely miss the neqoxec.
The neqoxec is moderately wounded.
The neqoxec gestures at you.
Strange energies course through your body.
You feel stupid. The neqoxec gestures at you.
Something tries to feed on your intellect!
You feel much better. You block the neqoxec's attack. The neqoxec hits you.
You barely miss the neqoxec.
The neqoxec is moderately wounded.
The neqoxec gestures at you.
Something tries to feed on your intellect!
The neqoxec hits you but does no damage.
You slash the neqoxec!
The neqoxec is heavily wounded.
The neqoxec hits you. You block the neqoxec's attack.
You hit the neqoxec.
The neqoxec is heavily wounded.
You block the neqoxec's attack. The neqoxec hits you!
* * * LOW HITPOINT WARNING * * *
Unknown command.
You closely miss the neqoxec.
The neqoxec is heavily wounded.
You block the neqoxec's attack. x3
You barely miss the neqoxec.
The neqoxec is heavily wounded.
The neqoxec barely misses you.
You riposte.
You closely miss the neqoxec.
The neqoxec is heavily wounded.
The neqoxec hits you!
* * * LOW HITPOINT WARNING * * *
The neqoxec gestures at you.
Something tries to feed on your intellect!
Unknown command.
You hit the neqoxec but do no damage.
The neqoxec is heavily wounded.
The neqoxec hits you!
You die...

# #. #+#
#.##.##
#33@<.+
#.3##.##
#. #+# #


You could see 3 neqoxecs.

Vanquished Creatures
  A neqoxec (D)
1 creature vanquished.

Notes
Turn   | Place    | Note
-------+----------+-------------------------------------------
     0 | D        | ugugthedestroyer the Demigod Fighter began the quest for
                  | the Orb.
     0 | D        | Reached XP level 1. HP: 18/18 MP: 3/3
     1 | D        | Noticed a neqoxec
     1 | D        | Noticed a neqoxec
     1 | D        | Noticed a neqoxec
     1 | D        | Noticed a neqoxec
     4 | D        | Gained mutation: You are weak. (Str -2) [a neqoxec]
    11 | D        | Gained mutation: You are dopey. (Int -2) [a neqoxec]
    12 | D        | Killed a neqoxec
    13 | D        | Reached skill level 5 in Fighting
    13 | D        | Reached skill level 5 in Armour
    13 | D        | Reached skill level 5 in Shields
    13 | D        | Reached XP level 2. HP: 19/30 MP: 4/4
    13 | D        | Reached XP level 3. HP: 23/37 MP: 5/5
    13 | D        | Reached XP level 4. HP: 28/44 MP: 6/6
    15 | D        | Gained mutation: You are very dopey. (Int -4) [a neqoxec]
    22 | D        | Slain by a neqoxec

Illustrated notes

Levels and vault maps discovered:
D:        the_violet_keep_of_menkaure [sprint2_stairs_cluster_1,
          sprint2_shoproom, sprint2_temple, sprint2_basic_supplies,
          sprint2_obstacle_1, sprint2_obstacle_5, sprint2_obstacle_3,
          sprint2_obstacle_7, sprint2_obstacle_6, sprint2_timed_cluster_1,
          sprint2_smallroom_cluster_1, sprint2_smallroom_final_cluster_1,
          sprint2_transparent_cluster_1, sprint2_second_timed_cluster_1,
          sprint2_sniper_area_1, sprint2_heavy_combat_area_1,
          sprint2_mutation_trap_area_1, sprint2_forest_area_1,
          sprint2_light_combat_area_1, sprint2_behind_water_1,
          sprint2_near_end_vault_1]

Skill      XL: |  1 |
---------------+----+-----
Fighting       | 5 |  5.8
Long Blades    | 3 |  3.3
Armour         | 5 |  5.7
Shields        | 5 |  5.3

Action                   |  1- 3 |  4- 6 || total
-------------------------+-------+-------++-------
Melee: Long sword        |    10 |     9 ||    19
  Use: Potion            |     1 |     1 ||     2
Armor: Scale mail        |     2 |     2 ||     4
Dodge: Dodged            |       |     1 ||     1
Block: Kite shield       |       |     6 ||     6
       Rpst.: Long sword |       |     1 ||     1
